 Dungeon Crawl Stone Soup version 0.22-a0-322-g60b3cfd (webtiles) character file.

39 Kairos the Skirmisher (level 3, -2/30 HPs)
             Began as a Human Fighter on Apr 3, 2018.
             Slain by a gnoll
             ... wielding a +0 spear
              (6 damage)
             ... on level 2 of the Dungeon.
             The game lasted 00:01:19 (786 turns).

Kairos the Skirmisher (Human Fighter)                Turns: 786, Time: 00:01:19

Health: -2/30      AC:  6    Str: 16    XL:     3   Next: 70%
Magic:  3/3        EV:  8    Int:  8    God:
Gold:   78         SH:  9    Dex: 13    Spells: 2/2 levels left

rFire    + . .     SeeInvis .   a - +0 war axe
rCold    . . .     Gourm    .   c - +0 shield
rNeg     . . .     Faith    .   m - +1 ring mail {rF+}
rPois    .         Spirit   .   (no helmet)
rElec    .         Reflect  .   (no cloak)
rCorr    .         Harm     .   (no gloves)
MR       .....                  (no boots)
Stlth    +.........             (no amulet)
HPRegen  0.10/turn              (no ring)
MPRegen  0.08/turn              (no ring)

@: no status effects
A: no striking features
a: no special abilities


You were on level 2 of the Dungeon.
You were not hungry.

You visited 1 branch of the dungeon, and saw 2 of its levels.

You collected 78 gold pieces.

Inventory:

Hand Weapons
 a - a +0 war axe (weapon)
Armour
 b - a +0 scale mail
 c - a +0 shield (worn)
 m - a +1 ring mail of fire resistance (worn)
Scrolls
 e - a scroll of noise {unknown}
 g - a scroll of magic mapping {unknown}
 i - a scroll of identify {unknown}
 j - a scroll of remove curse {unknown}
 l - a scroll of amnesia {unknown}
Potions
 d - a potion of might
 h - a potion of flight {unknown}
 k - 2 potions of agility {unknown}
Comestibles
 f - 2 rations


   Skills:
 + Level 3.7 Fighting
 + Level 2.2 Axes
 + Level 3.1 Armour
 + Level 3.5 Shields


You had 2 spell levels left.
You didn't know any spells.

Dungeon Overview and Level Annotations

Branches:
Dungeon (2/15)

Altars:
Uskayaw


Message History

You are too injured to fight recklessly!
You are too injured to fight recklessly!
Found an escape hatch in the floor.
The gnoll hits you from afar with a spear.
You block the gnoll's attack.
There is an open door here.
The gnoll hits you but does no damage.
You see here 15 stones.
You are too injured to fight recklessly!
You are too injured to fight recklessly!
You are too injured to fight recklessly!
The gnoll hits you with a halberd!
* * * LOW HITPOINT WARNING * * *
You closely miss the gnoll. You block the gnoll's attack.
You closely miss the gnoll. You closely miss the gnoll.
The gnoll is severely wounded.
You hit the gnoll. You block the gnoll's attack.
The gnoll hits you from afar with a spear.
You die...

......###....... #...## .....g#
#...... #...## ......#
#.#..############ #...##
......###.#........†....####...##
....†.gg.g.................'....'
.....†#.#.#.g..####.###.#.##...##
......#.#g###.†####.###.#.#######
......#.#......#........#.# #....
......#....##..#@##.##..#.# #.###
##########.###ggg....#..#.. .#
#.#.....#..#.. .#
#.####..#..#.##.# #..
#..#..#.##.# #.. ##..#... ..#
#...#......# ..#
..#.#..##..####.#
..#..........##.#


You could see 3 gnolls.

Vanquished Creatures
  An ooze (D:1)
  A worm (D:2)
  3 dart slugs
  2 leopard geckos
  2 giant cockroaches (D:1)
  2 goblins (D:1)
  2 hobgoblins
  4 jackals
  2 ball pythons (D:2)
  2 frilled lizards (D:2)
  2 rats (D:1)
23 creatures vanquished.

Notes
Turn   | Place    | Note
-------+----------+-------------------------------------------
     0 | D:1      | Kairos the Human Fighter began the quest for the Orb.
     0 | D:1      | Reached XP level 1. HP: 18/18 MP: 1/1
   146 | D:1      | Reached XP level 2. HP: 18/24 MP: 2/2
   380 | D:1      | Reached XP level 3. HP: 29/29 MP: 3/3
   656 | D:2      | Found a hide-covered altar of Uskayaw.
   786 | D:2      | Slain by a gnoll

Vault maps used:
D:1:      dpeg_arrival_rhombi, nrook_mini_vaults
D:2:      marbit_many_paths, lemuel_tele_altar

Action                   || total
-------------------------++-------
Melee: War axe           ||    71
Armor: Scale mail        ||    15
       Ring mail         ||    13
Dodge: Dodged            ||    21
Block: Shield            ||    34

Table legend:
 A = Spawn XP
 B = Non-spawn XP
 C = Spawn XP percentage of total XP
 D = Spawn monster count
 E = Non-spawn monster count
 F = Spawn count percentage of total count
 G = Total turns spent on level
                    A         B        C        D         E        F      G
               +---------+---------+-------+---------+---------+-------+---------
         Total |       0 |      57 |   0.0 |       0 |      23 |   0.0 |   786
               +---------+---------+-------+---------+---------+-------+---------
           D:1 |       0 |      34 |   0.0 |       0 |      13 |   0.0 |   567
           D:2 |       0 |      23 |   0.0 |       0 |      10 |   0.0 |   219
               +---------+---------+-------+---------+---------+-------+---------
